PAA
IRVING BLUE SOX @ MERCER ISLAND SCREAMING EAGLES
05/11/2020
 
TOP OF THE 1ST
Irving Blue Sox batting - Pitching for Mercer Island Screaming Eagles : LHP Mathies Pilegaard
Pitching: LHP Mathies Pilegaard
Batting: RHB Pat Lugo 0-0: Ball
1-0: Ball
2-0: Foul Ball, location: 2F
2-1: Ball
3-1: Foul Ball, location: 2F
3-2: Base on Balls
Batting: RHB Robbie Young 0-0: Ball
1-0: Fielders Choice at 2nd, 5-4 (Groundball, 56)
Batting: RHB Dennis Newell 0-0: Ball
1-0: Swinging Strike
1-1: Ball
2-1: Foul Ball, location: 2F
2-2: Grounds into double play, 4-6-3 (Groundball, 4)
Top of the 1st over - 0 run(s), 0 hit(s), 0 error(s), 0 left on base; Irving 0 - Mercer Island 0
BOTTOM OF THE 1ST
Mercer Island Screaming Eagles batting - Pitching for Irving Blue Sox : RHP Andy Perry
Pitching: RHP Andy Perry
Batting: LHB Mike Russell 0-0: Ball
1-0: Swinging Strike
1-1: Ball
2-1: Fly out, F9 (Flyball, 9D)
Batting: RHB Luis Rodríguez 0-0: Called Strike
0-1: Swinging Strike
0-2: Ball
1-2: Strikes out swinging
Batting: RHB Luis Antonio Hernández 0-0: Called Strike
0-1: Ball
1-1: Ball
2-1: Foul Ball, location: 2F
2-2: Ball
3-2: Strikes out looking
Bottom of the 1st over - 0 run(s), 0 hit(s), 0 error(s), 0 left on base; Irving 0 - Mercer Island 0
TOP OF THE 2ND
Irving Blue Sox batting - Pitching for Mercer Island Screaming Eagles : LHP Mathies Pilegaard
Batting: RHB Will Hunter 0-0: SOLO HOME RUN (Flyball, 78XD), Distance : 416 ft
Batting: RHB Alfredo Chávez 0-0: Foul Ball, location: 2F
0-1: Swinging Strike
0-2: Ball
1-2: Fly out, F8 (Flyball, 8LM)
Batting: LHB Kyle James 0-0: Swinging Strike
0-1: Ball
1-1: Fly out, F2 (Popup, 23F)
Batting: RHB Gilberto Díaz 0-0: Ball
1-0: Swinging Strike
1-1: Ball
2-1: Swinging Strike
2-2: Foul Ball, location: 2F
2-2: Foul Ball, location: 2F
2-2: Strikes out swinging
Top of the 2nd over - 1 run(s), 1 hit(s), 0 error(s), 0 left on base; Irving 1 - Mercer Island 0
BOTTOM OF THE 2ND
Mercer Island Screaming Eagles batting - Pitching for Irving Blue Sox : RHP Andy Perry
Batting: LHB Nelson Plasenia 0-0: Called Strike
0-1: Ball
1-1: Fly out, F8 (Flyball, 78M)
Batting: LHB Gustavo Cortéz 0-0: Called Strike
0-1: Ball
1-1: Foul Ball, location: 2F
1-2: Foul Ball, location: 2F
1-2: Ball
2-2: Strikes out swinging
Batting: LHB Gregg Young 0-0: Ball
1-0: Ground out 6-3 (Groundball, 6M)
Bottom of the 2nd over - 0 run(s), 0 hit(s), 0 error(s), 0 left on base; Irving 1 - Mercer Island 0
TOP OF THE 3RD
Irving Blue Sox batting - Pitching for Mercer Island Screaming Eagles : LHP Mathies Pilegaard
Batting: RHB Stan Barnes 0-0: Ball
1-0: Ball
2-0: Ball
3-0: Called Strike
3-1: Base on Balls
Batting: RHB Danny Hall 0-0: Called Strike
0-1: Called Strike
0-2: Ball
1-2: Ball
2-2: Ball
3-2: Base on Balls
Stan Barnes to second
Batting: RHB Pat Lugo 0-0: Ball
1-0: Ball
2-0: Called Strike
2-1: Ball
3-1: Foul Ball, location: 2F
3-2: Strikes out swinging
Batting: RHB Robbie Young 0-0: Called Strike
0-1: Swinging Strike
0-2: DOUBLE (Flyball, 78S)
Stan Barnes scores
Danny Hall to third
Batting: RHB Dennis Newell 0-0: Foul Ball, location: 2F
0-1: Ball
1-1: Ground out 6-3 (Groundball, 6M)
Danny Hall scores
Robbie Young to third
Batting: RHB Will Hunter 0-0: Called Strike
0-1: Foul Ball, location: 2F
0-2: Ball
1-2: Ball
2-2: Ball
3-2: 2-RUN HOME RUN (Flyball, 7D), Distance : 400 ft
Batting: RHB Alfredo Chávez 0-0: Ball
1-0: Foul Ball, location: 2F
1-1: Ball
2-1: SINGLE (Line Drive, 7S)
Batting: LHB Kyle James 0-0: Fly out, F4 (Popup, 34)
Top of the 3rd over - 4 run(s), 3 hit(s), 0 error(s), 1 left on base; Irving 5 - Mercer Island 0
BOTTOM OF THE 3RD
Mercer Island Screaming Eagles batting - Pitching for Irving Blue Sox : RHP Andy Perry
Batting: RHB Joe Craig 0-0: Called Strike
0-1: Ground out 6-3 (Groundball, 6)
Batting: RHB Luis Jiménez 0-0: Ball
1-0: Called Strike
1-1: Ball
2-1: SINGLE (Line Drive, 78S)
Batting: SHB Stephen Yates 0-0: Called Strike
0-1: Ball
1-1: Foul Ball, location: 2F
1-2: Strikes out swinging
Batting: LHB Mike Russell 0-0: Called Strike
0-1: Ball
1-1: Foul Ball, location: 2F
1-2: Ball
2-2: SINGLE (Groundball, 15S) (infield hit)
Luis Jiménez to second
Batting: RHB Luis Rodríguez 0-0: Ball
1-0: Ball
2-0: Ball
3-0: Base on Balls
Luis Jiménez to third
Mike Russell to second
Batting: RHB Luis Antonio Hernández 0-0: Ball
1-0: Fly out, F7 (Flyball, 78D)
Bottom of the 3rd over - 0 run(s), 2 hit(s), 0 error(s), 3 left on base; Irving 5 - Mercer Island 0
TOP OF THE 4TH
Irving Blue Sox batting - Pitching for Mercer Island Screaming Eagles : LHP Mathies Pilegaard
Batting: RHB Gilberto Díaz 0-0: Ball
1-0: Ball
2-0: Reached on error, E1 (Groundball, 13S)
Batting: RHB Stan Barnes 0-0: Called Strike
0-1: Ball
1-1: Called Strike
1-2: Hit by Pitch
Gilberto Díaz to second
Batting: RHB Danny Hall 0-0: Fly out, F6 (Line Drive, 6)
Batting: RHB Pat Lugo 0-0: Called Strike
0-1: Ball
1-1: Foul Ball, location: 2F
1-2: Grounds into double play, 6-4-3 (Groundball, 6M)
Top of the 4th over - 0 run(s), 0 hit(s), 1 error(s), 1 left on base; Irving 5 - Mercer Island 0
BOTTOM OF THE 4TH
Mercer Island Screaming Eagles batting - Pitching for Irving Blue Sox : RHP Andy Perry
Batting: LHB Nelson Plasenia 0-0: Ball
1-0: SINGLE (Line Drive, 6M)
Batting: LHB Gustavo Cortéz 0-0: Ball
1-0: Ball
2-0: Foul Ball, location: 2F
2-1: Grounds into double play, 1-6-3 (Groundball, 13)
Batting: LHB Gregg Young 0-0: Foul Ball, location: 2F
0-1: DOUBLE (Flyball, 8LXD)
Batting: RHB Joe Craig 0-0: Called Strike
0-1: Called Strike
0-2: Fly out, F4 (Popup, 4MD)
Bottom of the 4th over - 0 run(s), 2 hit(s), 0 error(s), 1 left on base; Irving 5 - Mercer Island 0
TOP OF THE 5TH
Irving Blue Sox batting - Pitching for Mercer Island Screaming Eagles : LHP Mathies Pilegaard
Batting: RHB Robbie Young 0-0: Called Strike
0-1: Ball
1-1: DOUBLE (Flyball, 7LM)
Batting: RHB Dennis Newell 0-0: Ball
1-0: Ball
2-0: Ball
3-0: Called Strike
3-1: Called Strike
3-2: SINGLE (Groundball, 4MD)
Robbie Young to third
Batting: RHB Will Hunter 0-0: Ball
Dennis Newell steals 2nd base
1-0: Called Strike
1-1: Ball
2-1: Ball
3-1: Base on Balls
Batting: RHB Alfredo Chávez 0-0: Ball
1-0: SINGLE (Groundball, 4MD)
Robbie Young scores
Dennis Newell to third
Will Hunter to second
Batting: LHB Kyle James 0-0: Ball
1-0: Called Strike
1-1: Swinging Strike
1-2: Strikes out swinging
Batting: RHB Gilberto Díaz 0-0: Called Strike
0-1: Ball
1-1: Ball
2-1: Fly out, F8 (Flyball, 8LM)
Runner from 3rd tags up, SCORES, no throw
Pitching: RHP Marcos López
Batting: RHB Stan Barnes 0-0: Ball
1-0: Called Strike
1-1: Ball
2-1: Fly out, F2 (Popup, 2LF)
Top of the 5th over - 2 run(s), 3 hit(s), 0 error(s), 2 left on base; Irving 7 - Mercer Island 0
BOTTOM OF THE 5TH
Mercer Island Screaming Eagles batting - Pitching for Irving Blue Sox : RHP Andy Perry
Batting: RHB Luis Jiménez 0-0: Ball
1-0: Ball
2-0: SINGLE (Line Drive, 4MD)
Batting: SHB Stephen Yates 0-0: Swinging Strike
0-1: Called Strike
0-2: Ball
1-2: Ball
2-2: Ball
3-2: Foul Ball, location: 2F
3-2: Foul Ball, location: 2F
3-2: Strikes out swinging
Luis Jiménez steals 2nd base
Batter strikes out.
Batting: LHB Mike Russell 0-0: Ground out 4-3 (Groundball, 4)
Luis Jiménez to third
Batting: RHB Luis Rodríguez 0-0: SINGLE (Line Drive, 4D)
Luis Jiménez scores
Batting: RHB Luis Antonio Hernández 0-0: Ball
1-0: Called Strike
1-1: Ball
2-1: Foul Ball, location: 2F
2-2: Fly out, F4 (Popup, 4)
Bottom of the 5th over - 1 run(s), 2 hit(s), 0 error(s), 1 left on base; Irving 7 - Mercer Island 1
TOP OF THE 6TH
Irving Blue Sox batting - Pitching for Mercer Island Screaming Eagles : RHP Marcos López
Batting: RHB Danny Hall 0-0: Ground out 3-1 (Groundball, 34)
Batting: RHB Pat Lugo 0-0: Ball
1-0: Swinging Strike
1-1: Ball
2-1: SINGLE (Line Drive, 8LS)
Batting: RHB Robbie Young 0-0: Ball
1-0: Foul Ball, location: 2F
1-1: Ground out 6-3 (Groundball, 6MS)
Pat Lugo to second
Batting: RHB Dennis Newell 0-0: Swinging Strike
0-1: Ball
1-1: Ball
2-1: Called Strike
2-2: Ball
3-2: Base on Balls
Batting: RHB Will Hunter 0-0: Ball
1-0: Ball
2-0: Called Strike
2-1: Reaches on Catchers interference
Pat Lugo to third
Dennis Newell to second
Batting: RHB Alfredo Chávez 0-0: Called Strike
0-1: Fly out, F9 (Flyball, 89M)
Top of the 6th over - 0 run(s), 1 hit(s), 1 error(s), 3 left on base; Irving 7 - Mercer Island 1
BOTTOM OF THE 6TH
Mercer Island Screaming Eagles batting - Pitching for Irving Blue Sox : RHP Andy Perry
Batting: LHB Nelson Plasenia 0-0: Ball
1-0: Swinging Strike
1-1: Swinging Strike
1-2: Ball
2-2: Ground out 4-3 (Groundball, 4)
Batting: LHB Gustavo Cortéz 0-0: Fly out, F2 (Popup, 23F)
Batting: LHB Gregg Young 0-0: Ball
1-0: Swinging Strike
1-1: Called Strike
1-2: Strikes out looking
Bottom of the 6th over - 0 run(s), 0 hit(s), 0 error(s), 0 left on base; Irving 7 - Mercer Island 1
TOP OF THE 7TH
Irving Blue Sox batting - Pitching for Mercer Island Screaming Eagles : RHP Marcos López
Batting: LHB Kyle James 0-0: Ball
1-0: Swinging Strike
1-1: Swinging Strike
1-2: Strikes out looking
Batting: RHB Gilberto Díaz 0-0: Fly out, F7 (Line Drive, 7LM)
Batting: RHB Stan Barnes 0-0: Foul Ball, location: 2F
0-1: Ball
1-1: Called Strike
1-2: Foul Ball, location: 2F
1-2: Ball
2-2: Ball
3-2: Strikes out swinging
Top of the 7th over - 0 run(s), 0 hit(s), 0 error(s), 0 left on base; Irving 7 - Mercer Island 1
BOTTOM OF THE 7TH
Mercer Island Screaming Eagles batting - Pitching for Irving Blue Sox : RHP Andy Perry
Pitching: RHP Dave Padgett
Batting: RHB Joe Craig 0-0: Swinging Strike
0-1: Ball
1-1: Foul Ball, location: 2F
1-2: Strikes out swinging
Batting: RHB Luis Jiménez 0-0: Ball
1-0: Ball
2-0: Ball
3-0: Base on Balls
Batting: SHB Stephen Yates 0-0: Called Strike
0-1: Foul Ball, location: 2F
0-2: Strikes out looking
Batting: LHB Mike Russell 0-0: Called Strike
0-1: Ball
1-1: Ball
2-1: Ball
3-1: Called Strike
3-2: Base on Balls
Luis Jiménez to second
Batting: RHB Luis Rodríguez 0-0: Ball
1-0: Ground out U3 (Groundball, 3S)
Bottom of the 7th over - 0 run(s), 0 hit(s), 0 error(s), 2 left on base; Irving 7 - Mercer Island 1
TOP OF THE 8TH
Irving Blue Sox batting - Pitching for Mercer Island Screaming Eagles : RHP Marcos López
Pitching: LHP Ron Barry
Batting: RHB Danny Hall 0-0: Ball
1-0: Foul Ball, location: 2F
1-1: Ground out 6-3 (Groundball, 6)
Batting: RHB Pat Lugo 0-0: Foul Ball, location: 2F
0-1: Foul Ball, location: 2F
0-2: Foul Ball, location: 2F
0-2: Ball
1-2: Strikes out looking
Batting: RHB Robbie Young 0-0: Ball
1-0: Called Strike
1-1: Ball
2-1: Ground out 4-3 (Groundball, 4)
Top of the 8th over - 0 run(s), 0 hit(s), 0 error(s), 0 left on base; Irving 7 - Mercer Island 1
BOTTOM OF THE 8TH
Mercer Island Screaming Eagles batting - Pitching for Irving Blue Sox : RHP Dave Padgett
Batting: RHB Luis Antonio Hernández 0-0: Called Strike
0-1: Called Strike
0-2: Ball
1-2: Ball
2-2: Ball
3-2: Base on Balls
Batting: LHB Nelson Plasenia 0-0: Called Strike
0-1: Fly out, F8 (Flyball, 8LM)
Batting: LHB Gustavo Cortéz 0-0: SINGLE (Groundball, 4MD)
Luis Antonio Hernández to second
Batting: LHB Gregg Young 0-0: Called Strike
0-1: Ball
1-1: Foul Ball, location: 2F
1-2: Ball
2-2: Ball
3-2: DOUBLE (Flyball, 89XD)
Luis Antonio Hernández scores
Gustavo Cortéz to third
Batting: RHB Joe Craig 0-0: Ball
1-0: Foul Ball, location: 2F
1-1: TRIPLE (Flyball, 8LXD)
Gustavo Cortéz scores
Gregg Young scores
Pitching: LHP Jim Unknown
Batting: RHB Luis Jiménez 0-0: Ball
1-0: Foul Ball, location: 2F
1-1: Foul Ball, location: 2F
1-2: Fly out, F7 (Flyball, 78M)
Runner from 3rd tags up, SCORES, no throw
Batting: SHB Stephen Yates 0-0: Foul Ball, location: 2F
0-1: Called Strike
0-2: Foul Ball, location: 2F
0-2: Ball
1-2: Ball
2-2: Foul Ball, location: 2F
2-2: Ground out 5-3 (Groundball, 5S)
Bottom of the 8th over - 4 run(s), 3 hit(s), 0 error(s), 0 left on base; Irving 7 - Mercer Island 5
TOP OF THE 9TH
Irving Blue Sox batting - Pitching for Mercer Island Screaming Eagles : LHP Ron Barry
Batting: RHB Dennis Newell 0-0: Ball
1-0: Ball
2-0: Called Strike
2-1: Ball
3-1: Base on Balls
Batting: RHB Will Hunter 0-0: Called Strike
0-1: Ball
1-1: DOUBLE (Line Drive, 7LD)
Dennis Newell to third
Runner from 3rd tries for Home, SAFE, no throw or cutoff
Batting: RHB Alfredo Chávez 0-0: Intentional Walk
Batting: LHB Kyle James 0-0: Grounds into double play, U4-3 (Groundball, 4)
Will Hunter to third
Batting: RHB Gilberto Díaz 0-0: Fly out, F8 (Popup, 8RS)
Top of the 9th over - 1 run(s), 1 hit(s), 0 error(s), 1 left on base; Irving 8 - Mercer Island 5
BOTTOM OF THE 9TH
Mercer Island Screaming Eagles batting - Pitching for Irving Blue Sox : LHP Jim Unknown
Batting: LHB Mike Russell 0-0: Bunted foul
0-1: Ball
1-1: Ball
2-1: Ground out 1-3 (Groundball, 23)
Batting: RHB Luis Rodríguez 0-0: Ball
1-0: Called Strike
1-1: Ball
2-1: Fly out, F9 (Flyball, 89M)
Batting: RHB Luis Antonio Hernández 0-0: Ball
1-0: Ball
2-0: Called Strike
2-1: Called Strike
2-2: Foul Ball, location: 2F
2-2: SINGLE (Flyball, 6MD)
Batting: LHB Nelson Plasenia 0-0: Ball
1-0: Swinging Strike
1-1: Ball
2-1: Foul Ball, location: 2F
2-2: Ball
Wild Pitch!
Luis Antonio Hernández to second
3-2: Fly out, F2 (Popup, 2LF)
Bottom of the 9th over - 0 run(s), 1 hit(s), 0 error(s), 1 left on base; Irving 8 - Mercer Island 5
This league is powered by Out of the Park Baseball, the baseball management simulation game for PC, Mac and Linux
Friday, October 23rd, 2015 - OOTP Baseball 16.9 Build 39